 Dungeon Crawl Stone Soup version 0.22-a0-271-gc000056 (webtiles) character file.

38263 varam the Unseen (level 13, -8/69 HPs)
             Began as a Spriggan Enchanter on Mar 12, 2018.
             Was an Initiate of Gozag.
             Mangled by a death yak (28 damage)
             ... on level 4 of the Lair of Beasts.
             The game lasted 01:34:44 (21213 turns).

varam the Unseen (Spriggan Enchanter)              Turns: 21213, Time: 01:34:45

Health: -8/69      AC:  5    Str:  7    XL:     13   Next: 62%
Magic:  11/23      EV: 32    Int: 18    God:    Gozag
Gold:   3781       SH:  8    Dex: 21    Spells: 12/24 levels left

rFire    + . .     SeeInvis +   w - +0 rapier
rCold    . . .     Gourm    .   J - +0 buckler
rNeg     . . .     Faith    .   O - +2 robe {rF+}
rPois    +         Spirit   .   (helmet restricted)
rElec    .         Reflect  .   I - +0 cloak
rCorr    .         Harm     .   (gloves unavailable)
MR       ++...                  (boots unavailable)
Stlth    +++++++...             (no amulet)
HPRegen  0.21/turn              z - +4 ring of dexterity
MPRegen  0.18/turn              m - ring of poison resistance

@: very quick
A: very small, unfitting armour, see invisible, herbivore, speed 3, slow
metabolism 2
a: Potion Petition, Call Merchant, Bribe Branch, Renounce Religion


You were on level 4 of the Lair of Beasts.
You worshipped Gozag.
Gozag was most pleased with you.
You were not hungry.

You visited 2 branches of the dungeon, and saw 17 of its levels.

You collected 4302 gold pieces.
You spent 465 gold pieces at shops.
You paid 56 gold pieces to Gozag.

Inventory:

Hand Weapons
 e - a +2 dagger of speed
 n - a cursed -1 dagger
 w - a +0 rapier (weapon)
 x - a +2 dagger of venom
Missiles
 y - 6 needles of sleeping
Armour
 I - a +0 cloak (worn)
 J - a +0 buckler (worn)
 O - a +2 robe of fire resistance (worn)
Magical Staves
 S - an uncursed staff of conjuration
Jewellery
 a - an uncursed ring of ice
 l - an uncursed amulet of guardian spirit
 m - a ring of poison resistance (right hand)
 r - an uncursed ring of positive energy
 z - a +4 ring of dexterity (left hand)
 D - a +3 ring of strength
 K - an uncursed ring of resist corrosion
 P - an uncursed ring of magical power
 R - an uncursed ring of protection from cold
Wands
 j - a wand of iceblast (5)
 k - a wand of random effects (31)
 o - a wand of clouds (14)
 B - a wand of enslavement (20)
 C - a wand of flame (21)
 F - a wand of polymorph (21)
 M - a wand of paralysis (6)
Scrolls
 b - a scroll of enchant weapon
 f - 10 scrolls of remove curse
 i - 4 scrolls of magic mapping
 q - 2 scrolls of fear
 v - 7 scrolls of teleportation
 G - 6 scrolls of blinking
 Q - a scroll of summoning {unknown}
Potions
 c - a potion of mutation
 g - 5 potions of heal wounds
 p - 5 potions of curing
 s - a potion of agility
 t - 5 potions of berserk rage
 u - a potion of flight
 A - 2 potions of invisibility
 E - 2 potions of magic
 H - 3 potions of might
 L - 2 potions of resistance
 N - 2 potions of haste
Miscellaneous
 h - a phial of floods
Comestibles
 d - 15 rations


   Skills:
 + Level 8.5 Fighting
 - Level 10.0 Short Blades
 - Level 15.0 Dodging
 + Level 17.7 Stealth
 - Level 4.0 Shields
 - Level 6.0 Spellcasting
 + Level 11.0 Hexes


You had 12 spell levels left.
You knew the following spells:

 Your Spells              Type           Power        Failure   Level  Hunger
a - Corona                Hex            #####..      1%          1    None
b - Ensorcelled Hibernat  Hex/Ice        ####..       2%          2    None
c - Confuse               Hex            #####...     1%          3    ##.....
d - Tukima's Dance        Hex            #####...     1%          3    ##.....
e - Dazzling Spray        Conj/Hex       ####..       4%          3    ##.....


Dungeon Overview and Level Annotations

Branches:
Dungeon (12/15)            Temple (0/1) D:5            Lair (5/6) D:9
  Swamp (0/4) Lair:2       Spider (0/4) Lair:2          Orc (0/2) D:10
  Slime: Lair:5-6

Altars:
Gozag
Kikubaaqudgha
Makhleb
Nemelex Xobeh
Qazlal
Sif Muna
Vehumet
Wu Jian
Yredelemnul
The Shining One

Shops:
D:9 ?

Portals:
Trove: D:10 (give 10 potions of heal wounds)


Innate Abilities, Weirdness & Mutations

You are very small and have problems with some larger weapons.
You are too small for most types of armour.
You have supernaturally acute eyesight. (SInv)
You are a herbivore.
You cover ground extremely quickly.
You need to consume almost no food.


Message History

The spray of energy misses the death yak.
Casting: Dazzling Spray (safe; 4% risk of failure)
Confirm with . or Enter, or press ? or * to list all spells.
Aiming: Dazzling Spray (safe; 4% risk of failure)
Press: ? - help, Shift-Dir - straight line, f/p - death yak
Aim: a death yak (lightly wounded)
The spray of energy hits the death yak.
The death yak is lightly wounded.
The death yak is dazzled.
The spray of energy hits the death yak.
The death yak is lightly wounded.
The death yak is dazzled.
The death yak gores you!!
The death yak bellows!
The death yak closely misses you.
You strike the helpless death yak from behind!
You perforate the death yak like a sieve!!!
The death yak is severely wounded.
The death yak gores you!!
You die...
Your body crumbles into a pile of gold.

#.# ##### #.##....##### ..#
#P..## ###....## ..# ##.#.##
##..P# .## #...#.# ###...## .#
##..#### ###....## #####...#
##.#..### .##.#...##
#.Y..###### ..#....#.#
##YY.##....### ...YY..###
###.@#.........####
##.#...######....#..........#.#
####..#.#..P..#.###..........#
###.#.#P..#### #P........##
##.#....# ###........##
#....### #..#......## #.....#
###.#.#.#### ##...#P#
####.####. #....### #.#.#..#


You could see 3 death yaks.

Vanquished Creatures
  Kirke (Lair:4)
  6 hydras
  4 two-headed ogres
  A queen ant (D:10)
  3 death yaks (Lair:4)
  Nergalle (Lair:3)
  An unseen horror (D:11)
  A necromancer (Lair:3)
  3 ugly things
  The ghost of Karim the Carver, a novice SpFi of Okawaru (D:7)
  A manticore (D:11)
  A cyclops (D:9)
  A black mamba (Lair:3)
  A centaur zombie (D:10)
  2 spiny frogs
  A rime drake (Lair:4)
  2 komodo dragons
  A queen bee (D:8)
  A troll (D:10)
  Prince Ribbit (D:6)
  18 blink frogs
  6 hippogriffs
  3 redbacks (Lair:2)
  22 yaks
  4 hogs (Lair:4)
  A hungry ghost (D:10)
  Eustachio (D:6)
  3 basilisks
  4 wyverns
  5 swamp worms (Lair:2)
  8 soldier ants (D:10)
  9 water moccasins
  7 porcupines
  3 ice beasts
  3 black bears
  3 necrophages
  2 orc warriors
  3 ogres
  2 phantoms
  6 wolves
  6 centaurs
  15 crocodiles
  A big kobold (D:11)
  7 bullfrogs
  3 scorpions
  23 killer bees
  12 wights
  6 howler monkeys
  An electric eel (Lair:2)
  A vampire bat (D:3)
  6 crimson imps
  4 bullfrog zombies
  5 hounds
  6 orc priests
  4 human zombies (D:9)
  4 jellies
  Crazy Yiuf (D:6)
  A bullfrog skeleton (D:5)
  2 centaur skeletons
  2 human skeletons (D:9)
  7 iguanas
  15 orc wizards
  Natasha (thrice) (D:2)
  24 worker ants
  2 yak simulacra (Lair:3)
  3 polar bear simulacra (Lair:3)
  A wolf simulacrum (Lair:3)
  2 mummies (D:9)
  A worker ant zombie (D:5)
  7 gnolls (D:3)
  A howler monkey skeleton (D:6)
  12 adders
  3 shadow imps
  An ooze (D:5)
  2 adder skeletons
  2 dart slugs (D:1)
  A worm (D:2)
  10 leopard geckos
  40 orcs
  A ball python (D:8)
  3 bat skeletons (D:3)
  3 bat zombies (D:3)
  5 giant cockroaches
  6 goblins
  8 hobgoblins
  2 jackals (D:8)
  3 quokkas
  A ball python skeleton (D:6)
  9 bats
  13 frilled lizards
  11 kobolds
  A quokka skeleton (D:6)
  9 rats
  5 river rat simulacra (Lair:3)
474 creatures vanquished.

Vanquished Creatures (collateral kills)
  A two-headed ogre (D:12)
  An orc warrior (D:12)
  A bullfrog (D:12)
  A killer bee (D:8)
  An orc (D:11)
5 creatures vanquished.

Vanquished Creatures (others)
  3 dancing weapons
  A killer bee (D:6)
  A worker ant zombie (D:6)
  3 fungi
8 creatures vanquished.

Grand Total: 487 creatures vanquished

Notes
Turn   | Place    | Note
-------+----------+-------------------------------------------
     0 | D:1      | varam the Spriggan Enchanter began the quest for the Orb.
     0 | D:1      | Reached XP level 1. HP: 9/9 MP: 5/5
   100 | D:1      | Reached XP level 2. HP: 13/13 MP: 6/6
   111 | D:1      | Reached skill level 5 in Stealth
   306 | D:1      | Reached skill level 2 in Short Blades
   374 | D:1      | Learned a level 2 spell: Ensorcelled Hibernation
   723 | D:2      | Reached XP level 3. HP: 15/16 MP: 1/8
   769 | D:2      | Found a sparkling altar of Nemelex Xobeh.
   823 | D:2      | Found a faded altar of an unknown god.
   848 | D:2      | Noticed Natasha
   859 | D:2      | Killed Natasha
   859 | D:2      | Reached skill level 3 in Short Blades
   859 | D:2      | Reached skill level 6 in Stealth
   859 | D:2      | Reached XP level 4. HP: 13/21 MP: 2/9
  1002 | D:4      | Found an opulent altar of Gozag.
  1045 | D:4      | Became a worshipper of Gozag Ym Sagoz the Greedy
  1169 | D:2      | Noticed Natasha
  1175 | D:2      | Killed Natasha
  1646 | D:2      | Found a glowing golden altar of the Shining One.
  1798 | D:2      | Noticed Natasha
  1815 | D:2      | Killed Natasha
  1815 | D:2      | Reached skill level 7 in Stealth
  1815 | D:2      | Reached XP level 5. HP: 24/24 MP: 5/10
  2021 | D:3      | Learned a level 3 spell: Confuse
  2036 | D:3      | You fall through a shaft!
  2138 | D:4      | Noticed a phantom
  2278 | D:3      | Reached skill level 4 in Short Blades
  2278 | D:3      | Reached skill level 8 in Stealth
  2409 | D:3      | Noticed an ice beast
  2412 | D:3      | Killed an ice beast
  2412 | D:3      | Reached skill level 3 in Spellcasting
  2412 | D:3      | Reached skill level 4 in Hexes
  2412 | D:3      | Reached XP level 6. HP: 16/28 MP: 2/11
  2673 | D:3      | Found a burning altar of Makhleb.
  2962 | D:3      | Reached skill level 5 in Hexes
  3041 | D:3      | Found an ancient bone altar of Kikubaaqudgha.
  3453 | D:4      | Found a radiant altar of Vehumet.
  3528 | D:4      | Reached skill level 4 in Spellcasting
  3528 | D:4      | Reached XP level 7. HP: 32/32 MP: 9/14
  3621 | D:5      | Entered Level 5 of the Dungeon
  3668 | D:5      | Reached skill level 6 in Hexes
  3714 | D:5      | Found a staircase to the Ecumenical Temple.
  4035 | D:5      | Reached skill level 5 in Spellcasting
  4035 | D:5      | Reached skill level 7 in Hexes
  4506 | D:5      | Reached skill level 8 in Hexes
  4604 | D:6      | Noticed Prince Ribbit
  4611 | D:6      | Killed Prince Ribbit
  4611 | D:6      | Reached skill level 1 in Fighting
  4611 | D:6      | Reached skill level 4 in Dodging
  4611 | D:6      | Reached XP level 8. HP: 37/37 MP: 9/16
  4734 | D:6      | Reached skill level 2 in Fighting
  4762 | D:6      | Reached skill level 5 in Dodging
  5075 | D:6      | Noticed Eustachio
  5096 | D:6      | Killed Eustachio
  5096 | D:6      | Reached skill level 3 in Fighting
  5096 | D:6      | Reached skill level 6 in Dodging
  5128 | D:6      | Found a stormy altar of Qazlal.
  5466 | D:6      | Reached skill level 7 in Dodging
  5488 | D:6      | Reached skill level 8 in Dodging
  5715 | D:6      | Reached skill level 5 in Short Blades
  5715 | D:6      | Reached skill level 9 in Stealth
  5715 | D:6      | Reached XP level 9. HP: 44/44 MP: 8/17
  6007 | D:6      | Found a runed door.
  6011 | D:6      | Noticed Crazy Yiuf
  6018 | D:6      | Killed Crazy Yiuf
  6375 | D:7      | Reached skill level 6 in Short Blades
  6606 | D:7      | Reached skill level 10 in Stealth
  6710 | D:7      | Noticed Karim's ghost (novice SpFi)
  6726 | D:7      | Killed Karim's ghost
  6726 | D:7      | Reached skill level 7 in Short Blades
  7114 | D:8      | Reached skill level 8 in Short Blades
  7127 | D:8      | Reached skill level 11 in Stealth
  7206 | D:8      | Found an ornate altar of the Wu Jian Council.
  7320 | D:8      | Learned a level 3 spell: Tukima's Dance
  7346 | D:8      | Noticed a two-headed ogre
  7357 | D:8      | Killed a two-headed ogre
  7357 | D:8      | Reached skill level 12 in Stealth
  7489 | D:8      | Noticed a queen bee
  7495 | D:8      | Killed a queen bee
  7495 | D:8      | Reached skill level 13 in Stealth
  7495 | D:8      | Reached XP level 10. HP: 48/49 MP: 18/18
  7984 | D:8      | Reached skill level 6 in Spellcasting
  8045 | D:8      | Reached skill level 4 in Fighting
  8395 | D:8      | Noticed a two-headed ogre
  8396 | D:8      | Killed a two-headed ogre
  8396 | D:8      | Reached skill level 5 in Fighting
  8948 | D:9      | Reached skill level 6 in Fighting
  8976 | D:9      | Reached skill level 1 in Shields
  9090 | D:9      | Found Venogawn's Magic Scroll Boutique.
  9106 | D:9      | Noticed a cyclops
  9121 | D:9      | Killed a cyclops
  9121 | D:9      | Reached skill level 2 in Shields
  9132 | D:9      | Reached skill level 3 in Shields
  9143 | D:9      | Bought a scroll of blinking for 82 gold pieces
  9143 | D:9      | Bought a scroll of enchant armour for 82 gold pieces
  9143 | D:9      | Bought a scroll of teleportation for 33 gold pieces
  9143 | D:9      | Bought a scroll of blinking for 82 gold pieces
  9143 | D:9      | Bought a scroll of blinking for 82 gold pieces
  9143 | D:9      | Bought a scroll of blinking for 82 gold pieces
  9143 | D:9      | Bought a scroll of identify for 22 gold pieces
  9495 | D:9      | Reached skill level 4 in Shields
  9921 | D:9      | Reached XP level 11. HP: 56/56 MP: 9/21
 10014 | D:9      | Found a basalt altar of Yredelemnul.
 10055 | D:9      | Found a staircase to the Lair.
 10065 | D:9      | Found a deep blue altar of Sif Muna.
 10174 | D:10     | Entered Level 10 of the Dungeon
 10183 | D:10     | Found a staircase to the Orcish Mines.
 10295 | D:10     | Noticed a queen ant
 10469 | D:10     | Killed a queen ant
 10469 | D:10     | Reached skill level 9 in Short Blades
 10469 | D:10     | Reached skill level 9 in Hexes
 10831 | D:10     | Noticed a two-headed ogre
 11054 | D:10     | Killed a two-headed ogre
 11222 | D:10     | Reached skill level 10 in Hexes
 11343 | D:10     | Found a portal to a secret trove of treasure.
 12011 | D:11     | Noticed a red ugly thing
 12017 | D:11     | Killed a red ugly thing
 12036 | D:11     | Reached skill level 10 in Short Blades
 12060 | D:11     | Reached skill level 9 in Dodging
 12096 | D:11     | Noticed an unseen horror
 12099 | D:11     | Killed an unseen horror
 12273 | D:11     | Reached skill level 10 in Dodging
 12299 | D:11     | Noticed an eight-headed hydra
 12311 | D:11     | Killed an eight-headed hydra
 12517 | D:11     | Noticed a two-headed ogre
 12610 | D:11     | Killed a two-headed ogre
 12610 | D:11     | Reached skill level 14 in Stealth
 12915 | D:11     | Noticed a cyan ugly thing
 12919 | D:11     | Killed a cyan ugly thing
 12919 | D:11     | Reached skill level 11 in Dodging
 12991 | D:11     | Reached XP level 12. HP: 38/61 MP: 18/22
 13655 | D:12     | Noticed a two-headed ogre
 13691 | D:12     | Killed a two-headed ogre
 13691 | D:12     | Reached skill level 12 in Dodging
 13691 | D:12     | Reached skill level 15 in Stealth
 13921 | D:12     | Noticed a six-headed hydra
 13962 | D:12     | Killed a six-headed hydra
 13962 | D:12     | Reached skill level 13 in Dodging
 14318 | Lair:1   | Entered Level 1 of the Lair of Beasts
 14907 | Lair:1   | Reached skill level 14 in Dodging
 15112 | Lair:1   | Reached skill level 15 in Dodging
 16276 | Lair:2   | Noticed a five-headed hydra
 16282 | Lair:2   | Killed a five-headed hydra
 16469 | Lair:2   | Noticed an eight-headed hydra
 16473 | Lair:2   | Killed an eight-headed hydra
 16618 | Lair:2   | Found a staircase to the Swamp.
 16757 | Lair:2   | Reached skill level 16 in Stealth
 16822 | Lair:2   | Reached skill level 7 in Fighting
 17113 | Lair:2   | Found a hole to the Spider Nest.
 17143 | Lair:2   | Reached XP level 13. HP: 62/67 MP: 18/23
 18488 | Lair:3   | Noticed Nergalle
 18494 | Lair:3   | Killed Nergalle
 19193 | Lair:4   | Reached skill level 17 in Stealth
 19254 | Lair:4   | Noticed Kirke
 19323 | Lair:4   | Reached skill level 8 in Fighting
 19479 | Lair:4   | Killed Kirke
 20359 | Lair:4   | Learned a level 3 spell: Dazzling Spray
 21079 | Lair:4   | Reached skill level 11 in Hexes
 21213 | Lair:4   | Mangled by a death yak

Vault maps used:
D:1:      nicolae_arrival_memento_mori, minmay_misc_feat_pillars
D:2:      nemelex_altar_shiori, serial_curves, eino_curves_03, eino_curves_02,
          chequers_ecumenical_altar_island, minmay_strange_pillars, tso_altar,
          uniq_natasha
D:3:      bloody_makhleb, kennysheep_vampire_church, serial_co_window_serial,
          co_window_corner_a, co_window_paths_a, co_window_paths_b,
          co_window_paths_a, co_window_corner_a, co_window_paths_b,
          co_window_paths_a, co_window_paths_c, co_window_broadway_a,
          co_window_2corner, co_window_broadway_b, co_window_corner_ca,
          co_window_2corner, co_window_4corner_a, glass_columns_a
D:4:      nicolae_gozag_seed_capital, fiery_altar_vehumet, first_ration,
          serial_bayou_pond_e
D:5:      minmay_temple_entry_trees
D:6:      grunt_qazlal_clouds, minmay_misc_feat_x, uniq_eustachio,
          uniq_crazy_yiuf_cottage, uniq_prince_ribbit1
D:8:      kennysheep_mini, david_nohive_1
D:9:      lemuel_mausoleum_altar_yredelemnul, lair_entry_dummy, serial_shops,
          shop_statue, led_sif_pool
D:10:     orc_0_dummy, enter_trove_3, minmay_another_anthill
D:11:     hex_medium
Lair:2:   nicolae_swamp_entry_splash_gauntlet, spider_nest_entry_webs
Lair:3:   eino_house_with_fridge, lemuel_fruit_fields, uniq_nergalle
Lair:4:   lemuel_reptile_caves, uniq_kirke
Lair:5:   uniq_josephine

Skill      XL: |  1  2  3  4  5  6  7  8  9 10 11 12 13 |
---------------+----------------------------------------+-----
Stealth        | 5 6 7 8 9 13 14 16 17 | 17.7
Short Blades   | 2 3 4 5 8 10 | 10.0
Spellcasting   | 3 4 5 6 |  6.0
Hexes          | 4 5 8 10 11 | 11.0
Fighting       | 1 3 6 7 8 |  8.5
Dodging        | 4 8 11 15 | 15.0
Shields        | 4 |  4.0

Action                   |  1- 3 |  4- 6 |  7- 9 | 10-12 | 13-15 || total
-------------------------+-------+-------+-------+-------+-------++-------
Melee: Dagger            |    77 |   186 |   266 |   842 |   249 ||  1620
       Rapier            |       |       |       |   146 |    91 ||   237
 Cast: Corona            |     3 |    19 |     7 |    13 |     6 ||    48
       Ensorcelled Hiber |     5 |    21 |    38 |    92 |    47 ||   203
       Confuse           |       |    15 |    51 |   153 |    71 ||   290
       Tukima's Dance    |       |       |     2 |    10 |       ||    12
       Dazzling Spray    |       |       |       |       |    30 ||    30
Invok: Potion Petition   |       |       |       |     1 |       ||     1
Evoke: Wand              |       |       |       |     2 |     5 ||     7
  Use: Scroll            |       |       |     1 |    19 |     1 ||    21
       Potion            |       |       |       |     3 |     1 ||     4
 Stab: Sleeping          |    11 |    29 |    42 |    80 |    25 ||   187
       Distracted        |     1 |       |     2 |     8 |     7 ||    18
       Confused          |       |     8 |    26 |    80 |    23 ||   137
       Invisible         |       |       |       |     6 |     4 ||    10
  Eat: Ration            |       |     1 |     4 |     9 |     5 ||    19
Armor: Robe              |     9 |    10 |     5 |    22 |     6 ||    52
Dodge: Dodged            |    48 |    88 |   137 |   508 |   164 ||   945
Block: Buckler           |       |       |       |    90 |    76 ||   166

Table legend:
 A = Spawn XP
 B = Non-spawn XP
 C = Spawn XP percentage of total XP
 D = Spawn monster count
 E = Non-spawn monster count
 F = Spawn count percentage of total count
 G = Total turns spent on level
                    A         B        C        D         E        F      G
               +---------+---------+-------+---------+---------+-------+---------
         Total |       0 |   54662 |   0.0 |       0 |     480 |   0.0 | 21213
               +---------+---------+-------+---------+---------+-------+---------
           D:1 |       0 |      36 |   0.0 |       0 |      22 |   0.0 |   709
           D:2 |       0 |     163 |   0.0 |       0 |      24 |   0.0 |   949
           D:3 |       0 |     353 |   0.0 |       0 |      37 |   0.0 |  1369
           D:4 |       0 |     204 |   0.0 |       0 |       5 |   0.0 |   594
           D:5 |       0 |     609 |   0.0 |       0 |      29 |   0.0 |   979
           D:6 |       0 |    1756 |   0.0 |       0 |      34 |   0.0 |  1583
           D:7 |       0 |    1235 |   0.0 |       0 |      13 |   0.0 |   822
           D:8 |       0 |    4106 |   0.0 |       0 |      49 |   0.0 |  1986
           D:9 |       0 |    3494 |   0.0 |       0 |      41 |   0.0 |  1468
          D:10 |       0 |    5081 |   0.0 |       0 |      38 |   0.0 |  1610
          D:11 |       0 |    5712 |   0.0 |       0 |      34 |   0.0 |  1447
          D:12 |       0 |    5125 |   0.0 |       0 |      28 |   0.0 |  1020
        Lair:1 |       0 |    5886 |   0.0 |       0 |      32 |   0.0 |  1676
        Lair:2 |       0 |    5835 |   0.0 |       0 |      18 |   0.0 |  1446
        Lair:3 |       0 |    5671 |   0.0 |       0 |      32 |   0.0 |  1554
        Lair:4 |       0 |    9249 |   0.0 |       0 |      43 |   0.0 |  1853
        Lair:5 |       0 |     147 |   0.0 |       0 |       1 |   0.0 |   148
               +---------+---------+-------+---------+---------+-------+---------
